Map: Acid Plant LE

Players

Namshar

  • Race: Zerg Zerg
  • League: Master
  • Spawn Location: 11:00

Harstem - Winner!

  • Race: Protoss Protoss
  • League: Master
  • Spawn Location: 5:00

Event: HomeStory Cup XVIII

VOD

Have the link to the VOD?

Description

Time

  • Played on: Nov. 22, 2018, 10:28 a.m.
  • Length: 13:50

All games in this series

Show
View Real Time Build Order
Export as new Build Order

Namshar Zerg 

Build Orders: Hatch First, Lurkers, Roach Hydra 

Get SALT Encoding   

  12  0:00  Drone  
  13  0:12  Overlord  
  13  0:16  Drone  
  14  0:30  Drone  
  14  0:31  Drone  
  16  0:48  Hatchery  
  15  0:51  Drone  
  15  0:55  Drone  
  17  0:58  Drone  
  18  1:09  Extractor  
  17  1:13  Spawning Pool  
  17  1:17  Drone  
  17  1:20  Drone  
  18  1:27  Drone  
  19  1:38  Drone  
  20  1:49  Drone  
  21  1:59  Queen  
  21  2:00  Queen  
  25  2:01  Drone  
  25  2:02  Overlord  
  26  2:09  Metabolic Boost  
  26  2:10  Drone  
  26  2:11  Drone  
  28  2:21  Drone x2  
  30  2:31  Drone  
  30  2:32  Drone  
  32  2:37  Hatchery  
  32  2:42  Queen  
  33  2:46  Overlord  
  33  2:48  Zergling x2  
  34  2:53  Zergling x2  
  34  2:56  Drone  
  36  3:08  Drone x3  
  36  3:09  Drone  
  36  3:12  Overlord  
  39  3:13  Drone x3  
  39  3:18  Queen  
  44  3:30  Drone x2, Spore Crawler  
  44  3:32  Drone  
  44  3:33  Spore Crawler  
  45  3:35  Queen  
  45  3:38  Overlord  
  47  3:44  Drone x3  
  47  3:45  Drone  
  47  3:47  Drone  
  52  3:49  Drone  
  52  3:54  Overlord  
  53  3:58  Roach Warren  
  53  4:00  Drone  
  53  4:01  Drone  
  54  4:05  Overlord  
  54  4:08  Drone x2  
  54  4:09  Drone  
  57  4:14  Drone x2  
  57  4:16  Zergling x2  
  60  4:18  Overlord  
  60  4:19  Extractor  
  60  4:20  Extractor  
  60  4:23  Drone x2  
  60  4:25  Spore Crawler  
  60  4:27  Spore Crawler  
  57  4:35  Drone x6  
  63  4:40  Overlord  
  63  4:43  Lair  
  63  4:44  Spore Crawler  
  63  4:45  Drone  
  62  4:53  Drone x2  
  62  4:54  Drone x2  
  67  5:00  Drone  
  67  5:02  Evolution Chamber  
  67  5:04  Roach x5  
  75  5:12  Overlord  
  75  5:13  Roach x3  
  81  5:19  Roach  
  83  5:22  Extractor  
  83  5:24  Extractor, Overlord x2  
  83  5:25  Roach, Zergling x2  
  83  5:31  Zerg Missile Weapons Level 1, Zergling x2  
  84  5:38  Extractor, Drone  
  84  5:41  Queen x2  
  84  5:42  Drone  
  89  5:43  Hydralisk Den  
  89  5:46  Queen  
  86  6:10  Roach x4, Glial Reconstitution  
  92  6:13  Drone x2  
  92  6:14  Drone  
  92  6:16  Queen x2, Drone  
  92  6:17  Drone x2  
  100  6:21  Queen  
  100  6:37  Overlord x4, Grooved Spines  
  94  6:52  Queen x2  
  94  6:57  Queen  
  90  7:02  Drone  
  90  7:03  Drone x4  
  90  7:04  Drone x3, Overlord x2  
  90  7:07  Hydralisk  
  90  7:22  Hydralisk x3  
  92  7:30  Drone, Zerg Missile Weapons Level 2, Hatchery  
  92  7:31  Hydralisk x7  
  106  7:39  Hydralisk x2  
  110  7:48  Muscular Augments  
  110  7:52  Overlord x2  
  110  7:55  Drone  
  110  7:57  Lurker Den, Hydralisk  
  110  7:58  Hydralisk x4  
  120  8:08  Drone  
  120  8:09  Drone x7  
  128  8:20  Hydralisk x5  
  128  8:26  Overseer  
  138  8:29  Overlord x2  
  138  8:33  Spore Crawler  
  137  8:36  Extractor  
  137  8:37  Hydralisk x3  
  142  8:51  Drone x2, Hydralisk  
  142  8:52  Hydralisk x5  
  156  8:58  Hydralisk  
  156  8:59  Hydralisk x3  
  164  9:06  Hydralisk  
  164  9:07  Zergling x12  
  172  9:17  Overlord  
  172  9:18  Overlord  
  172  9:19  Overlord  
  173  9:24  Lurker x3  
  173  9:26  Lurker x3  
  173  9:28  Lurker  
  173  9:29  Overlord  
  173  9:30  Hatchery  
  173  9:31  Zergling x6  
  179  9:36  Lurker  
  179  9:38  Hydralisk, Zergling x2  
  182  9:39  Zergling x8  
  180  9:54  Hydralisk x2  
  180  9:55  Zergling x12  
  185  10:05  Hydralisk  
  185  10:06  Hydralisk x3, Zergling x2  
  195  10:07  Zergling x10  
  194  10:24  Hydralisk x3  
  194  10:27  Drone  
  194  10:28  Drone  
  196  10:43  Zerg Ground Armor Level 1  
  196  10:44  Infestation Pit  
  196  10:45  Hydralisk x2  
  196  10:46  Zergling x2  
  200  11:03  Hydralisk x5  
  200  11:04  Hydralisk x2, Zergling x2  
  177  11:05  Zergling x14  
  177  11:09  Hydralisk  
  177  11:10  Zergling x2  
  158  11:16  Hydralisk x3  
  158  11:17  Hydralisk x3  
  144  11:27  Hydralisk x8  
  141  11:40  Extractor  
  141  11:41  Drone x3  
  141  11:46  Drone x4  
  138  11:49  Drone x2  
  138  11:50  Drone  
  137  11:54  Drone  
  137  11:56  Spire  
  137  11:57  Hydralisk x6  
  151  12:08  Lurker x2  
  151  12:09  Lurker  
  151  12:11  Hydralisk x2  
  151  12:12  Zergling x14  
  163  12:17  Extractor, Drone, Spore Crawler  
  163  12:18  Drone x3  
  163  12:22  Hydralisk x3  
  167  12:23  Zergling x2  
  167  12:26  Overseer  
  167  12:29  Hydralisk x3  
  156  12:48  Hydralisk x10  
  156  12:50  Hydralisk  
  158  13:11  Hydralisk  
  158  13:12  Hydralisk x6  
  145  13:29  Zergling x12  
  160  13:37  Drone x7  
Show
View Real Time Build Order
Export as new Build Order

Harstem Protoss - Winner!

Build Orders: 1 Gate Expand, Oracle Opening, Phoenix Opening, Chargelot Immortal, Mass Phoenix 

Get SALT Encoding   

  12  0:01  Probe  
  13  0:13  Probe  
  14  0:21  Pylon  
  14  0:25  Probe  
  15  0:35  Probe  
  16  0:43  Gateway, Probe  
  16  0:49  Assimilator  
  17  0:53  Probe  
  18  1:05  Probe  
  19  1:17  Probe  
  20  1:23  Nexus  
  20  1:34  Cybernetics Core  
  20  1:36  Probe  
  21  1:43  Assimilator  
  21  1:48  Probe  
  21  1:52  Pylon  
  22  2:00  Probe  
  23  2:03  Adept  
  23  2:13  Probe  
  26  2:16  Stargate  
  26  2:24  Warp Gate  
  26  2:25  Probe  
  26  2:29  Adept  
  27  2:31  Probe  
  27  2:33  Probe  
  30  2:40  Probe  
  30  2:41  Probe  
  30  2:44  Assimilator  
  32  2:50  Assimilator, Probe  
  33  2:54  Probe  
  35  3:01  Probe  
  36  3:06  Probe  
  36  3:07  Phoenix  
  36  3:10  Probe  
  39  3:17  Pylon  
  39  3:18  Probe x2  
  41  3:21  Gateway  
  41  3:25  Oracle  
  42  3:30  Probe  
  42  3:31  Probe  
  47  3:43  Pylon, Probe  
  47  3:44  Probe  
  49  3:53  Stargate  
  49  3:55  Probe  
  50  3:56  Probe  
  50  4:02  Phoenix  
  53  4:07  Probe  
  53  4:08  Probe  
  55  4:13  Pylon  
  55  4:19  Probe  
  55  4:20  Probe  
  57  4:29  Phoenix x2  
  60  4:31  Probe  
  60  4:33  Nexus  
  60  4:35  Adept  
  60  4:37  Pylon  
  60  4:38  Probe  
  65  4:41  Pylon  
  65  4:44  Pylon  
  65  4:50  Phoenix  
  65  4:53  Phoenix  
  65  4:57  Probe  
  65  4:58  Probe  
  71  5:09  Phoenix  
  71  5:10  Probe  
  71  5:12  Probe  
  73  5:17  Robotics Facility  
  73  5:18  Phoenix  
  77  5:22  Probe  
  77  5:26  Probe  
  77  5:28  Forge  
  79  5:29  Twilight Council  
  79  5:34  Probe  
  80  5:38  Probe  
  81  5:46  Sentry  
  81  5:47  Zealot, Probe  
  81  5:48  Shield Battery, Probe  
  87  5:51  Probe  
  88  5:59  Probe  
  88  6:00  Probe  
  88  6:03  Probe  
  91  6:09  Immortal  
  91  6:11  Probe  
  94  6:12  Probe  
  94  6:13  Zealot x2  
  94  6:15  Probe  
  100  6:22  Pylon  
  100  6:23  Pylon, Probe  
  100  6:24  Probe  
  102  6:27  Probe  
  102  6:29  Gateway  
  93  6:35  Probe  
  93  6:36  Zealot x2  
  93  6:37  Probe  
  93  6:38  Assimilator  
  93  6:39  Protoss Ground Weapons Level 1  
  99  6:41  Assimilator  
  99  6:42  Immortal  
  94  6:48  Probe  
  94  6:50  Probe x2  
  99  6:56  Charge  
  99  7:00  Probe  
  98  7:02  Probe  
  98  7:05  Gateway  
  98  7:07  Gateway  
  98  7:08  Immortal, Templar Archives  
  97  7:09  Zealot x2  
  103  7:22  Nexus  
  105  7:24  Gateway x2  
  105  7:29  Sentry  
  107  7:30  Zealot  
  107  7:34  Gateway, Photon Cannon  
  107  7:36  Photon Cannon x2  
  109  7:38  Shield Battery  
  107  7:44  Probe  
  107  7:45  Immortal  
  107  7:47  Probe  
  107  7:48  Pylon  
  107  7:51  Gateway  
  109  7:54  Gateway  
  109  7:56  Gateway  
  109  7:58  Gateway  
  113  7:59  Pylon  
  113  8:00  Probe  
  113  8:01  Psionic Storm  
  114  8:08  High Templar x3  
  114  8:09  High Templar, Probe  
  114  8:11  Probe  
  124  8:18  Pylon  
  124  8:19  Protoss Ground Weapons Level 2  
  122  8:21  Immortal  
  122  8:23  Shield Battery  
  122  8:26  High Templar  
  124  8:27  Probe  
  124  8:29  Assimilator  
  124  8:33  Pylon  
  124  8:34  High Templar  
  131  8:35  Assimilator, Probe  
  131  8:37  Photon Cannon  
  131  8:39  Photon Cannon  
  132  8:41  Shield Battery, Probe  
  133  8:48  Fleet Beacon  
  133  8:50  High Templar  
  133  8:54  Probe  
  133  8:55  Observer  
  136  8:58  Zealot x2  
  136  9:01  Photon Cannon  
  141  9:08  Protoss Air Weapons Level 1  
  141  9:09  Zealot, High Templar  
  141  9:10  Zealot x4  
  149  9:18  Shield Battery  
  149  9:20  High Templar x2  
  149  9:21  Photon Cannon  
  149  9:22  Warp Prism  
  149  9:23  Pylon  
  153  9:24  Carrier  
  153  9:26  Pylon, Archon  
  161  9:43  Photon Cannon  
  161  9:46  Photon Cannon  
  161  9:50  Zealot x5  
  165  9:52  Zealot x2  
  165  9:56  Immortal  
  167  10:08  Zealot x2  
  167  10:09  Zealot  
  173  10:15  Zealot x4  
  173  10:16  Zealot  
  183  10:25  Observer  
  177  10:33  Carrier  
  177  10:34  Carrier  
  183  10:37  Shield Battery  
  183  10:38  Shield Battery  
  183  10:39  Immortal  
  183  10:45  Protoss Ground Weapons Level 3  
  187  10:53  Pylon  
  187  10:55  Pylon  
  173  11:04  Zealot  
  173  11:05  Zealot x2  
  173  11:09  Zealot x5  
  173  11:10  Zealot x2  
  177  11:19  Protoss Air Weapons Level 2  
  177  11:23  Mothership  
  164  11:26  Zealot x3  
  164  11:30  Observer  
  164  11:31  High Templar x2  
  164  11:32  High Templar x2  
  163  11:33  Zealot x3  
  163  11:37  Carrier  
  167  11:44  Photon Cannon x2  
  167  11:46  High Templar  
  161  11:47  Photon Cannon, High Templar x2  
  161  11:49  Warp Prism  
  165  12:02  High Templar, Archon  
  165  12:03  High Templar  
  165  12:04  Zealot  
  171  12:13  Void Ray  
  175  12:17  High Templar  
  175  12:21  Immortal  
  175  12:22  Zealot x5  
  189  12:38  Zealot x4  
  191  12:52  Photon Cannon  
  191  12:54  Photon Cannon  
  191  12:55  Photon Cannon  
  191  12:58  High Templar  
  191  12:59  High Templar x3  
  191  13:04  Archon x2  
  187  13:15  Zealot x4  
  187  13:16  Zealot  
  184  13:29  Zealot  
  191  13:36  High Templar x2  
  195  13:41  Zealot x2  
Tags
 
Add a new tag
Caveats
  • Supply blocks, unpowered buildings, or Contaminate may cause inaccurate times.
  • Supply counts are checked every 10 seconds.